 Seeded DCSS version 0.28-a0-1567-g1695149f81 (webtiles) character file.

Game seed: 138 (custom seed)

1267 knot the Chopper (level 8, -1/84 (87) HPs)
             Began as a Demonspawn Berserker on Jan 19, 2022.
             Was a Believer of Trog.
             Slain by an iguana (9 damage)
             ... on level 6 of the Dungeon.
             The game lasted 00:07:26 (6678 turns).

knot the Chopper (Demonspawn Berserker)             Turns: 6678, Time: 00:07:26

HP:   -1/84 (87)    AC:  9    Str: 19    XL:     8   Next: 27%
MP:   8/8           EV: 11    Int: 10    God:    Trog [**....]
Gold: 250           SH:  0    Dex: 12    Spells: 7/7 levels left

rFire   + . .      SeeInvis .   h - +2 club (spect)
rCold   + . .      Faith    .   (no shield)
rNeg    . . .      Spirit   .   m - +0 ring mail {rC+}
rPois   +          Reflect  .   (helmet restricted)
rElec   .          Harm     .   y - +1 cloak {rPois}
rCorr   .          Rampage  .   e - +0 pair of gloves
Will    .....                   w - +0 pair of boots
Stlth   ..........              (no amulet)
HPRegen 0.24/turn               f - ring of protection from fire
MPRegen 0.11/turn               (no ring)

@: berserking, lightly drained, very quick
A: antennae 2, powered by death 2
a: Renounce Religion, Berserk, Trog's Hand


You were on level 6 of the Dungeon.
You worshipped Trog.
Trog was pleased with you.
You visited 1 branch of the dungeon, and saw 6 of its levels.

You collected 250 gold pieces.

Inventory:

Hand Weapons
 a - a +0 hand axe
 h - a +2 spectral club (weapon)
 l - a +1 hand axe of flaming
Missiles
 c - 88 stones
 k - 4 boomerangs
 u - 2 poisoned darts (quivered)
Armour
 e - a +0 pair of gloves (worn)
 m - a +0 ring mail of cold resistance (worn)
 t - a +1 leather armour of fire resistance
 w - a +0 pair of boots (worn)
 y - a +1 cloak of poison resistance (worn)
Jewellery
 d - a +6 ring of dexterity
 f - a ring of protection from fire (left hand)
 i - a ring of ice
 n - a ring of protection from fire
Scrolls
 b - a scroll of fog
 v - a scroll of blinking
 x - a scroll of noise {unknown}
 z - 3 scrolls of identify
Potions
 g - 5 potions of heal wounds
 j - 3 potions of ambrosia
 o - 3 potions of curing
 p - 2 potions of might {unknown}
 q - 2 potions of haste {unknown}
 r - a potion of flight {unknown}
 s - a potion of mutation {unknown}


   Skills:
 - Level 3.0 Fighting
 * Level 7.7 Axes
 * Level 5.5 Throwing
 - Level 1.7 Armour
 - Level 1.7 Dodging


You had 7 spell levels left.
You didn't know any spells.
Your spell library contained the following spells:

 Spells                   Type           Power      Damage    Failure   Level
 Sting                    Tmut/Pois      0%         1d3       54%         1
 Sublimation of Blood     Necr           0%         N/A       69%         2
 Portal Projectile        Hex/Tloc       0%         N/A       89%         3
 Tukima's Dance           Hex            0%         N/A       89%         3
 Anguish                  Hex/Necr       0%         N/A       100%        4
 Petrify                  Tmut/Erth      0%         N/A       100%        4
 Summon Lightning Spire   Summ/Air       0%         N/A       100%        4
 Blade Hands              Tmut           0%         N/A       100%        5
 Excruciating Wounds      Necr           0%         N/A       100%        5
 Irradiate                Conj/Tmut      0%         3d14      100%        5
 Statue Form              Tmut/Erth      0%         N/A       100%        6
 Enfeeble                 Hex            0%         N/A       100%        7
 Necromutation            Tmut/Necr      0%         N/A       100%        8


Dungeon Overview and Level Annotations

Branches:
Dungeon (6/15)             Temple (0/1) D:4

Altars:
Fedhas
Wu Jian

Shops:
D:3 *


Innate Abilities, Weirdness & Mutations

You have a pair of antennae on your head.
You regenerate health from kills.


Message History

Unknown command.
You are too injured to fight recklessly!
You are too injured to fight recklessly!
You barely miss the centaur warrior zombie.
The centaur warrior zombie is heavily damaged.
Your +2 spectral club hits the centaur warrior zombie.
The iguana bites you but does no damage.
The centaur warrior zombie hits you.
The centaur warrior zombie barely misses you.
The orc hits you but does no damage.
You hit the centaur warrior zombie.
The centaur warrior zombie is heavily damaged.
Your +2 spectral club hits the centaur warrior zombie.
The iguana bites you but does no damage.
The centaur warrior zombie hits you.
The centaur warrior zombie kicks you but does no damage.
The orc closely misses you. The iguana bites you!
* * * LOW HITPOINT WARNING * * *
The iguana barely misses you.
Things that are here:
a +0 mace; a +0 leather armour You closely miss the iguana.
Your +2 spectral club hits the iguana.
The orc completely misses your +2 spectral club.
The centaur warrior zombie misses your +2 spectral club.
The centaur warrior zombie barely misses your +2 spectral club.
The iguana barely misses you.
You closely miss the iguana.
The iguana is moderately wounded.
Your +2 spectral club hits the iguana!
The centaur warrior zombie hits your +2 spectral club!
Your spectral weapon shares its damage with you!
* * * LOW HITPOINT WARNING * * *
The centaur warrior zombie kicks your +2 spectral club.
Your spectral weapon shares its damage with you!
* * * LOW HITPOINT WARNING * * *
The orc hits your +2 spectral club but does no damage.
The iguana barely misses you.
A red film seems to cover your vision as you go berserk!
You feel yourself moving faster!
You feel mighty! The iguana bites you!
You die...

#.......^.#
#.........#
#.........# .
#.........#..
#...........#
#..)).../..# ##o..#
#lZ### #@## #.# #.#
##############
###.###.............
###...##..############
#........## ##########


You could see an iguana, an orc and a centaur warrior zombie.

Vanquished Creatures
  Grinder (D:3)
  Edmund (D:5)
  A bullfrog (D:6)
  3 scorpions
  A water moccasin skeleton (D:4)
  3 wights
  A howler monkey (D:6)
  2 hounds (D:5)
  An orc priest (D:6)
  Crazy Yiuf (D:5)
  Jessica (D:3)
  3 iguanas (D:5)
  Natasha (thrice) (D:3)
  2 hound skeletons (D:4)
  A howler monkey zombie (D:5)
  7 adders
  A worm (D:2)
  6 dart slugs
  14 orcs
  6 ball pythons
  5 endoplasms
  4 giant cockroaches
  5 goblins
  8 hobgoblins
  7 jackals
  7 kobolds
  3 quokkas
  8 bats
  A frilled lizard (D:3)
  A rat (D:1)
108 creatures vanquished.

Notes
Turn   | Place    | Note
-------+----------+-------------------------------------------
     0 | D:1      | knot the Demonspawn Berserker began the quest for the Orb.
     0 | D:1      | Reached XP level 1. HP: 18/18 MP: 1/1
    21 | D:1      | Reached skill level 3 in Axes
   305 | D:1      | Gained mutation: You have a pair of small antennae on your
                  | head. [demonic ancestry]
   305 | D:1      | Reached XP level 2. HP: 23/24 MP: 2/2
   364 | D:1      | Noticed an eye of devastation
   365 | D:1      | Found a faded altar of an unknown god.
   368 | D:1      | Noticed a floating eye
   375 | D:1      | Noticed a shining eye
   496 | D:1      | Noticed a shining eye
   626 | D:1      | Got Sif Muna's Volume of Flying Transmigration
   902 | D:2      | Reached XP level 3. HP: 17/29 MP: 3/3
  1303 | D:2      | Reached skill level 4 in Axes
  2288 | D:2      | Gained mutation: You regenerate a little health from kills.
                  | [demonic ancestry]
  2288 | D:2      | Reached XP level 4. HP: 30/35 MP: 4/4
  2652 | D:3      | Found Adghauck's Assorted Antiques.
  2881 | D:3      | Noticed Jessica
  2897 | D:3      | Killed Jessica
  2898 | D:3      | Reached skill level 5 in Axes
  2972 | D:3      | Found an ornate altar of the Wu Jian Council.
  3061 | D:3      | Gained mutation: You have a pair of antennae on your head.
                  | [demonic ancestry]
  3061 | D:3      | Reached XP level 5. HP: 32/41 MP: 5/5
  3246 | D:3      | Noticed Grinder
  3246 | D:3      | Noticed Natasha
  3252 | D:3      | Killed Natasha
  3252 | D:3      | Reached ** piety under Trog
  3253 | D:3      | Reached skill level 1 in Throwing
  3263 | D:3      | Killed Grinder
  3264 | D:3      | Reached XP level 6. HP: 25/47 MP: 6/6
  3673 | D:3      | Noticed Natasha
  3677 | D:3      | Killed Natasha
  3678 | D:3      | Reached skill level 6 in Axes
  3782 | D:3      | Noticed Natasha
  3789 | D:3      | Killed Natasha
  4662 | D:4      | Found a staircase to the Ecumenical Temple.
  4683 | D:4      | Reached XP level 7. HP: 39/52 MP: 7/7
  5091 | D:5      | Entered Level 5 of the Dungeon
  5109 | D:5      | Found a blossoming altar of Fedhas.
  5112 | D:5      | Noticed Edmund
  5121 | D:5      | Killed Edmund
  5156 | D:5      | Reached skill level 7 in Axes
  5520 | D:5      | Found a runed translucent door.
  5523 | D:5      | Noticed Crazy Yiuf
  5533 | D:5      | Killed Crazy Yiuf
  6257 | D:5      | Gained mutation: You regenerate health from kills. [demonic
                  | ancestry]
  6257 | D:5      | Reached XP level 8. HP: 53/53 MP: 8/8
  6263 | D:5      | Reached skill level 5 in Throwing
  6678 | D:6      | Slain by an iguana

Illustrated notes

Levels and vault maps discovered:
D:1:      dpeg_arrival_rooms_a, layout_basic,
          hellmonk_ecumenical_altar_watching_god, minmay_misc_feat_nine_boxes
D:2:      layout_rooms
D:3:      layout_rooms, mainiacjoe_overflow_surrounded_room, serial_shops, shop,
          uniq_grinder, uniq_natasha, uniq_jessica
D:4:      layout_basic, minmay_temple_entry_offerings
D:5:      layout_loops_cross, mainiacjoe_overflow_alcove_1, uniq_edmund,
          uniq_crazy_yiuf_cottage
D:6:      layout_rooms, nicolae_alphabet_shops, kennysheep_donut

Skill      XL: |  1  2  3  4  5  6  7  8 |
---------------+-------------------------+-----
Axes           | 3 4 5 6 7 |  7.7
Throwing       | 2 3 4 5 |  5.5
Fighting       | |  3.0
Armour         | |  1.7
Dodging        | |  1.7

Action                   |  1- 3 |  4- 6 |  7- 9 || total
-------------------------+-------+-------+-------++-------
Melee: Hand axe          |    96 |    45 |       ||   141
       Club              |       |    92 |    95 ||   187
       Punch             |       |     1 |     5 ||     6
Throw: Boomerang         |       |     5 |     3 ||     8
       Dart              |       |       |     4 ||     4
Invok: Berserk           |     3 |     4 |     6 ||    13
       Trog's Hand       |       |       |     1 ||     1
  Use: Scroll            |       |       |     4 ||     4
 Stab: Sleeping          |       |     1 |       ||     1
Armor: Animal skin       |    18 |    43 |       ||    61
       Ring mail         |       |    16 |    39 ||    55
Dodge: Dodged            |    79 |    99 |    66 ||   244

Table legend: (Time is in decaauts)
 A = Elapsed time spent in this place.
 B = Non-inter-level travel time spent in this place.
 C = Inter-level travel time spent in this place.
 D = Time resting spent in this place.
 E = Time spent auto-exploring this place.
 F = Levels seen in this place.
 G = Mean time per level.
                   A        B        C        D        E       F      G
               +--------+--------+--------+--------+--------+-----+--------+
         Total |   6822 |   6629 |    193 |   2575 |   3232 |   6 | 1137.0 |
       Dungeon |   6822 |   6629 |    193 |   2575 |   3232 |   6 | 1137.0 |
               +--------+--------+--------+--------+--------+-----+--------+

Top non-repeatable levels by time:
     D:2: 1406 daAuts
     D:3: 1321 daAuts
     D:1: 1296 daAuts
     D:5: 1268 daAuts
     D:4: 1163 daAuts
     D:6: 365 daAuts
